 Dungeon Crawl Stone Soup version 0.16.0-18-g484a79e (console) character file.

392 gw the Poker (level 6, 0/48 HPs)
             Began as a Merfolk Gladiator on Mar 23, 2015.
             Was an Initiate of Ru.
             Killed from afar by an orc wizard (6 damage)
             ... with a magic dart
             ... on level 4 of the Dungeon.
             The game lasted 00:04:26 (4046 turns).

gw the Poker (Merfolk Gladiator)                    Turns: 4046, Time: 00:04:26

Health: 0/48       AC:  8    Str: 15    XL:     6   Next: 80%
Magic:  6/6        EV: 14    Int:  7    God:    Ru [......]
Gold:   140        SH:  0    Dex: 17    Spells: 0 memorised, 5 levels left

rFire  . . .     SeeInvis .     a - +2 trident
rCold  . . .     Clarity  .     m - +0 ring mail
rNeg   . . .     SustAb   .     (no shield)
rPois  .         Gourm    .     c - +0 helmet
rElec  .         Spirit   .     n - +1 cloak
rCorr  .         Warding  .     (no gloves)
rMut   +         Stasis   .     (no boots)
MR     .....                    o - amulet of resist mutation
Stlth  +.........               (no ring)
                                (no ring)

@: not resistant to hostile enchantments, very unstealthy
A: change form in water, swift swim
a: Renounce Religion


You were on level 4 of the Dungeon.
You worshipped Ru.
Ru was noncommittal.
You were not hungry.

You visited 1 branch of the dungeon, and saw 4 of its levels.

You collected 140 gold pieces.

Inventory:

Hand weapons
 a - a +2 trident (weapon)
Missiles
 b - 46 stones (quivered)
 d - 3 throwing nets
 s - 16 poisoned needles
Armour
 c - a +0 helmet (worn)
 m - a +0 ring mail (worn)
 n - a +1 cloak (worn)
Jewellery
 o - an amulet of resist mutation (around neck)
Magical devices
 h - a wand of invisibility (8)
 j - a wand of random effects (15)
Scrolls
 e - a scroll of remove curse {unknown}
 g - 2 scrolls of identify
 q - a scroll of fog {unknown}
Potions
 i - 3 potions of curing
 r - a potion of flight {unknown}
 t - a potion of magic {unknown}
Comestibles
 f - 2 bread rations
 k - 4 meat rations
 l - a beef jerky
 p - 4 fruits


   Skills:
 + Level 4.0 Fighting
 * Level 7.5 Polearms
 + Level 3.5 Throwing
 + Level 5.6 Dodging


You had 5 spell levels left.
You didn't know any spells.

Dungeon Overview and Level Annotations

Branches:
Dungeon (4/15)
 Temple: D:4-7

Altars:
Ru


Message History

MOVING TO (-7,-1) Unknown command.
Unknown command.
Unknown command.
MOVING TO (-6,-1) Unknown command.
Unknown command.
Unknown command.
MOVING TO (-5,-1) Unknown command.
Unknown command.
Unknown command.
MOVING TO (-4,-1)
Something barely misses you.
Unknown command.
Unknown command.
Unknown command.
MOVING TO (-3,-1)
The magic dart hits you!
You die...

#.###.#.## #.......
#.##.###.####..#####
#...## ##<.....#
#.##.###.#.##.##
#.#...#.##.##.#
#......###.##.#
#......# #.##.#
#....o.##...#.###
#.#m.{o.Og.......
#.##..###...#.### #.
#..# #...... ......
...(## ..#####.
.#... ... # .. . ..
#. #


You could see an ogre, 2 orcs and a goblin.

Table legend:
 A = Turns spent in this place as a percentage of turns spent in the entire game.
 B = Non-inter-level travel turns spent in this place as a percentage of non-inter-level travel turns spent in the entire game.
 C = Inter-level travel turns spent in this place as a percentage of turns spent in this place.
 D = Turns resting spent in this place as a percentage of non-inter-level travel turns spent in this place.
 E = Turns spent auto-exploring this place as a percentage of non-inter-level travel turns spent in this place.
 F = Non-inter-level travel turns spent in this place divided by the number of levels of this place that you've seen.
                   A       B       C       D       E      F
               +-------+-------+-------+-------+-------+----------------------
         Total | 100.0 | 100.0 |   0.4 |   0.9 |   2.3 | 1485.8
       Dungeon | 100.0 | 100.0 |   0.4 |   0.9 |   2.3 | 1485.8
               +-------+-------+-------+-------+-------+----------------------

Table legend:
 A = Kills in this place as a percentage of kills in entire the game.
 B = Kills by you in this place as a percentage of kills by you in the entire game.
 C = Kills by friends in this place as a percentage of kills by friends in the entire game.
 D = Other kills in this place as a percentage of other kills in the entire game.
 E = Experience gained in this place as a percentage of experience gained in the entire game.
 F = Experience gained in this place divided by the number of levels of this place that you have seen.
                   A       B       C       D       E      F
               +-------+-------+-------+-------+-------+----------------------
         Total | 100.0 | 100.0 |  -nan |  -nan | 100.0 | 140.0
       Dungeon | 100.0 | 100.0 |  -nan |  -nan | 100.0 | 140.0
               +-------+-------+-------+-------+-------+----------------------

Vanquished Creatures
  The ghost of Sharkman1231 the Sneak, an average HaAs of Dithmenos (D:4)
  A hound (D:4)
  An orc wizard (D:3)
  A worker ant (D:4)
  An iguana (D:4)
  A giant mite (D:4)
  2 adders (D:2)
  A worm (D:2)
  A giant gecko (D:3)
  4 orcs (D:4)
  17 bats
  A bat skeleton (D:4)
  10 goblins
  5 hobgoblins
  9 kobolds
  5 giant cockroaches
  6 giant newts
  8 jackals
  8 rats
83 creatures vanquished.

Notes
Turn   | Place    | Note
--------------------------------------------------------------
     0 | D:1      | gw, the Merfolk Gladiator, began the quest for the Orb.
     0 | D:1      | Reached XP level 1. HP: 16/16 MP: 1/1
   112 | D:1      | Reached XP level 2. HP: 20/23 MP: 2/2
   640 | D:1      | Reached skill level 5 in Polearms
   853 | D:1      | Reached XP level 3. HP: 28/28 MP: 3/3
  1503 | D:2      | Reached XP level 4. HP: 34/34 MP: 4/4
  2573 | D:3      | Found a sacrificial altar of Ru.
  2639 | D:3      | Became a worshipper of Ru the Awakened
  3433 | D:4      | Reached skill level 6 in Polearms
  3433 | D:4      | Reached skill level 5 in Dodging
  3433 | D:4      | Reached XP level 5. HP: 23/41 MP: 5/5
  3470 | D:4      | Noticed Sharkman1231's ghost (average HaAs)
  3556 | D:4      | Killed Sharkman1231's ghost
  3556 | D:4      | Reached skill level 7 in Polearms
  3556 | D:4      | Reached XP level 6. HP: 11/48 MP: 6/6
  4029 | D:4      | Noticed an ogre
  4046 | D:4      | Killed from afar by an orc wizard

Action                   |  1- 3 |  4- 6 || total
-------------------------+-------+-------++-------
Melee: Trident           |   138 |   132 ||   270
Throw: Stone             |    15 |    36 ||    51
Evoke: Wand              |       |     1 ||     1
  Use: Scroll            |     4 |     5 ||     9
       Potion            |     2 |     1 ||     3
 Stab: Paralysed         |       |     3 ||     3
  Eat: Chunk             |     2 |     5 ||     7
       Bread ration      |       |     1 ||     1

Vault maps used:
D:1:      dpeg_arrival_rooms_c, minmay_door_square
D:2:      kennysheep_the_goblin_king, kennysheep_generic_room_12
D:3:      nrook_uturn, nicolae_ru_great_annihilating_truth
